 Dungeon Crawl Stone Soup version 0.29.1-2-gbd0b4ee654 (webtiles) character file.

Game seed: 3564296163692720172

656 GorkyZ the Trooper (level 7, -1/44 HPs)
             Began as a Gargoyle Fighter on Nov 29, 2022.
             Killed by divine providence
             ... invoked by an orc priest
              (10 damage)
             ... on level 4 of the Dungeon.
             The game lasted 00:13:27 (4391 turns).

GorkyZ the Trooper (Gargoyle Fighter)               Turns: 4391, Time: 00:13:28

Health: -1/44      AC: 14    Str: 19    XL:     7   Next: 55%
Magic:  0/7        EV:  8    Int:  9    God:
Gold:   172        SH: 10    Dex: 11    Spells: 6/6 levels left

rFire   . . .      SeeInvis .   a - +0 war axe
rCold   . . .      Faith    .   n - +2 kite shield
rNeg    + + .      Spirit   +   b - +0 scale mail
rPois   ∞          Reflect  .   v - +0 helmet
rElec   +          Harm     .   (no cloak)
rCorr   .          Rampage  .   s - +0 pair of gloves
Will    .....                   (no boots)
Stlth   ..........              e - amulet of guardian spirit
HPRegen 0.14/turn               h - ring of positive energy
MPRegen 0.10/turn               (no ring)

@: no status effects
A: sickness immunity, AC +4, negative energy resistance 1, electricity
resistance, torment resistance 1, petrification resistance
a: no special abilities


You were on level 4 of the Dungeon.
You visited 1 branch of the dungeon, and saw 4 of its levels.
You also visited: Ossuary.

You collected 235 gold pieces.
You spent 63 gold pieces at shops.

Inventory:

Hand Weapons
 a - a +0 war axe (weapon)
 j - a +1 short sword of venom
Missiles
 f - a throwing net
 C - 6 poisoned darts
Armour
 b - a +0 scale mail (worn)
 c - a +0 buckler
 n - a +2 kite shield (worn)
 o - a +0 plate armour
 s - a +0 pair of gloves (worn)
 v - a +0 helmet (worn)
Jewellery
 e - an amulet of guardian spirit (around neck)
 h - a ring of positive energy (left hand)
 q - an amulet of magic regeneration
Wands
 k - a wand of light (2) (quivered)
Scrolls
 g - 6 scrolls of identify
 i - 3 scrolls of teleportation {unknown}
 r - a scroll of summoning {unknown}
 t - 2 scrolls of magic mapping {unknown}
 w - a scroll of enchant weapon {unknown}
 y - 5 scrolls of noise
 A - a scroll of blinking {unknown}
Potions
 d - a potion of might
 p - 3 potions of mutation {unknown}
 u - 4 potions of brilliance {unknown}
 z - a potion of lignification {unknown}
 B - a potion of resistance {unknown}
 D - a potion of ambrosia {unknown}


   Skills:
 + Level 4.7 Fighting
 + Level 3.2 Axes
 + Level 2.4 Throwing
 + Level 4.6 Armour
 + Level 2.1 Dodging
 + Level 4.5 Shields
 + Level 2.4 Evocations


You had 6 spell levels left.
You didn't know any spells.
Your spell library was empty.

Dungeon Overview and Level Annotations

Branches:
Dungeon (4/15)            Ossuary (visited)
 Temple: D:4-7

Altars:

Shops:
D:3 [


Innate Abilities, Weirdness & Mutations

You are immune to sickness and miasma.
Your stone body is resilient. (AC +4)
You are immune to poison.
You resist negative energy. (rN+)
You are resistant to electric shocks. (rElec)
You are resistant to unholy torment.
You are immune to petrification.


Message History

Something writhes in agony!
You bump into the rock wall.
Something hits you but does no damage.
You barely miss something.
You hear some strange, mumbled words.
A magic dart appears from out of thin air!
The magic dart hits you.
You completely miss something.
You feel less confused.
You hear some strange, mumbled words.
Something tries to affect you, but you resist.
The orc barely misses you. You block something's attack.
You hit the orc but do no damage. You barely miss something.
You block the orc's attack.
You hear some strange, mumbled words.
A puff of flame appears from out of thin air!
The puff of flame hits you.
You slash the orc!
You kill the orc!
You closely miss something. Something hits you but does no damage.
You hear some strange, mumbled words.
A puff of flame appears from out of thin air!
The puff of flame hits you!
* * * LOW HITPOINT WARNING * * *
The orc priest hits you but does no damage.
Okay, then.
The air fills with toxic fumes!
As you read the scroll of poison, it crumbles to dust.
You block something's attack. You block the orc priest's attack.
You hit the orc priest but do no damage.
You miss something. You block something's attack.
The orc priest barely misses you.
You completely miss the orc priest. You closely miss something.
You hear some strange, mumbled words.
A puff of flame appears from out of thin air!
The puff of flame hits you but does no damage.
The orc priest hits you but does no damage.
Something hits you but does no damage.
The orc priest calls down the wrath of Beogh upon you.
Beogh smites you!
You die...

##.......................#
#......###..............#
#.###### #.....[÷........ #.#
#.....#......#.# #####§###
#.....#......#.# ....o§§§##
#.....#........#
......#§§###########......###
.o... ##§§§##§§§#.......#.#
.... ###§o@{#.##.##...#.# .o.
####§§§§§§##<..#.# ..
#§#§§§§§#...#.# .
#§#.§#§§....#.###
#§#..#.§....#.#..
#§#.....#........
###§#...).......###
#..§§......##..># #
#.#....########.###


You could see an orc priest.

Vanquished Creatures
  An ogre (D:4)
  A necrophage (D:4)
  2 scorpions (D:4)
  A centaur zombie (Ossuary)
  A jelly (D:3)
  An iguana (D:4)
  Natasha (thrice) (D:2)
  4 mummies (Ossuary)
  3 gnolls (D:2)
  4 adders
  6 worms
  2 dart slugs
  5 orcs
  5 endoplasms
  2 giant cockroaches
  2 gnoll zombies (Ossuary)
  5 goblins
  7 hobgoblins
  8 kobolds
  A quokka (D:1)
  4 ball pythons
  13 bats
  A hobgoblin zombie (Ossuary)
  4 kobold zombies (Ossuary)
  4 rats
90 creatures vanquished.

Vanquished Creatures (others)
  An orc wizard (D:4)
1 creature vanquished.

Grand Total: 91 creatures vanquished

Notes
Turn   | Place    | Note
-------+----------+-------------------------------------------
     0 | D:1      | GorkyZ the Gargoyle Fighter began the quest for the Orb.
     0 | D:1      | Reached XP level 1. HP: 14/14 MP: 1/1
   183 | D:1      | Reached XP level 2. HP: 4/19 MP: 2/2
  1070 | D:1      | Reached XP level 3. HP: 19/23 MP: 3/3
  1313 | D:2      | Noticed Natasha
  1328 | D:2      | HP: 1/23 [Natasha/magic dart (3)]
  1332 | D:2      | Killed Natasha
  1333 | D:2      | Reached skill level 1 in Throwing
  1333 | D:2      | Reached XP level 4. HP: 13/29 MP: 1/4
  1518 | D:2      | Reached skill level 1 in Evocations
  1801 | D:2      | Reached XP level 5. HP: 33/33 MP: 5/5
  1864 | D:2      | Reached skill level 1 in Dodging
  1905 | D:2      | Noticed Natasha
  1913 | D:2      | Killed Natasha
  2243 | D:2      | Noticed Natasha
  2251 | D:2      | Killed Natasha
  2802 | D:3      | Found Liofakaam's Armour Shoppe.
  2816 | D:3      | Bought a +0 pair of gloves for 63 gold pieces
  2886 | D:3      | Reached XP level 6. HP: 29/38 MP: 4/6
  3411 | D:4      | Reached XP level 7. HP: 35/44 MP: 4/7
  3583 | D:4      | Found a sand-covered staircase.
  3592 | Ossuary  | Entered an ossuary
  4391 | D:4      | Killed from afar by an orc priest

Illustrated notes

Levels and vault maps discovered:
D:1:      sevenhm_arrival_forest_fort_small_4, layout_basic, minmay_tetromino_t4
D:2:      layout_basic, uniq_natasha
D:3:      layout_rooms, serial_shops, nicolae_shop_competitors_out_of_business
D:4:      layout_basic, minmay_temple_entry_purple_smoke,
          nicolae_ossuary_entry_monument

Skill      XL: |  1  2  3  4  5  6  7 |
---------------+----------------------+-----
Axes           | 2 3 |  3.2
Throwing       | 1 2 |  2.4
Evocations     | 1 2 |  2.4
Dodging        | 1 2 |  2.1
Fighting       | 4 |  4.7
Armour         | 4 |  4.6
Shields        | 4 |  4.5

Action                   |  1- 3 |  4- 6 |  7- 9 || total
-------------------------+-------+-------+-------++-------
Melee: War axe           |    89 |   158 |    87 ||   334
Evoke: Wand              |       |       |     1 ||     1
  Use: Potion            |     1 |     2 |     3 ||     6
       Scroll            |       |     4 |     1 ||     5
Armor: Scale mail        |    66 |    56 |    40 ||   162
       Plate armour      |       |    68 |       ||    68
Dodge: Dodged            |    65 |    63 |    20 ||   148
Block: Buckler           |    22 |    17 |       ||    39
       Kite shield       |       |    59 |    38 ||    97
